 Seeded DCSS version 0.30.0-19-g36f170ea60 (webtiles) character file.

Game seed: 8994729474104937668 (custom seed)

129 CInkIbrahim the Chopper (level 5, 32/32 HPs)
             Began as a Gargoyle Cinder Acolyte on May 27, 2023.
             Was a High Priest of Ignis.
             Quit the game on level 3 of the Dungeon.
             The game lasted 00:02:53 (2172 turns).

CInkIbrahim the Chopper (Gargoyle Cinder Acolyte)   Turns: 2172, Time: 00:02:54

Health: 32/32      AC: 10    Str: 19    XL:     5   Next: 12%
Magic:  5/5        EV: 10    Int: 18    God:    Ignis [*****.]
Gold:   133        SH:  0    Dex:  4    Spells: 6/6 levels left

rFire   + + .        a - -1 hand axe (flame)
rCold   . . .        (no shield)
rNeg    + . .        v - +0 ring mail
rPois   ∞            (no helmet)
rElec   +            w - +0 cloak
rCorr   .            (no gloves)
SInv    +            (no boots)
Will    .....        (no amulet) Stlth
                     j - ring of protection from fire
HPRegen 0.25/turn    y - ring of see invisible
MPRegen 0.09/turn

%: no passive effects
@: no status effects
A: sickness immunity, AC +4, negative energy resistance 1, electricity
resistance, torment resistance 1, petrification resistance, clever 1, low MP 1
a: Renounce Religion, Fiery Armour, Foxfire Swarm, Rising Flame


You were on level 3 of the Dungeon.
You worshipped Ignis.
Ignis was extremely pleased with you.
You visited 1 branch of the dungeon, and saw 3 of its levels.

You collected 133 gold pieces.

Inventory:

Hand Weapons
 a - a -1 hand axe of flaming (weapon)
 b - a +2 sling of flaming
Armour
 n - a +0 robe
 v - a +0 ring mail (worn)
 w - a +0 cloak (worn)
Jewellery
 j - a ring of protection from fire (left hand)
 y - a ring of see invisible (right hand)
 B - a ring of resist corrosion
Wands
 x - a wand of roots (7)
Scrolls
 d - 2 scrolls of vulnerability {unknown}
 f - 2 scrolls of torment {unknown}
 g - a scroll of blinking {unknown}
 h - a scroll of fear {unknown}
 i - 2 scrolls of immolation {unknown}
 k - 2 scrolls of magic mapping {unknown}
 m - 3 scrolls of silence {unknown}
 s - a scroll of enchant armour {unknown}
 t - 2 scrolls of teleportation {unknown}
 u - a scroll of enchant weapon {unknown}
Potions
 c - a potion of berserk rage
 e - a potion of cancellation {unknown}
 l - a potion of resistance {unknown}
 o - 2 potions of magic {unknown}
 p - a potion of brilliance
 q - a potion of might
 r - 2 potions of curing
 z - a potion of heal wounds


   Skills:
 - Level 3.2 Fighting
 + Level 5.1 Axes
 - Level 1.0 Spellcasting
 - Level 3.0 Fire Magic


You had 6 spell levels left.
You didn't know any spells.
Your spell library contained the following spells:

 Spells                   Type           Power      Damage    Failure   Level
 Scorch                   Fire           22%        2d5       16%         2
 Sandblast                Erth           0%         2d4       34%         1
 Summon Small Mammal      Summ           0%         N/A       34%         1
 Passwall                 Tmut/Erth      0%         N/A       45%         2
 Call Canine Familiar     Summ           0%         N/A       71%         3
 Summon Guardian Golem    Hex/Summ       0%         N/A       71%         3
 Borgnjor's Vile Clutch   Necr/Erth      0%         N/A       100%        5
 Iron Shot                Conj/Erth      0%         9d1       100%        6
 Statue Form              Tmut/Erth      Unusable   N/A       N/A         6

Dungeon Overview and Level Annotations

Branches:
Dungeon (3/15)

Altars:


Innate Abilities, Weirdness & Mutations

You are immune to sickness and miasma.
Your stone body is resilient. (AC +4)
You are immune to poison.
You resist negative energy. (rN+)
You are resistant to electric shocks. (rElec)
You are resistant to unholy torment.
You are immune to petrification.
Your mind is acute. (Int +4, Str/Dex -1)
Your magical capacity is low. (-10% MP)


Message History

You hit the ball python. You burn the ball python.
You kill the ball python!
A dart slug is nearby!
The dart slug bites you but does no damage.
You see here a ball python corpse.
A dart slug is nearby!
You hit the dart slug. You burn the dart slug.
The dart slug is severely wounded.
A dart slug is nearby!
You hit the dart slug. You burn the dart slug.
You kill the dart slug!
You see here a dart slug corpse.
t - 2 scrolls labelled ATEISS YRAB (gained 1)
An adder comes into view.
Found a ring mail.
The adder hisses angrily.
The adder barely misses you.
You hit the adder. You burn the adder.
The adder is moderately wounded.
You hit the bush but do no damage. The adder barely misses you.
You closely miss the adder.
The adder is moderately wounded.
You hit the bush but do no damage. The adder bites you but does no damage.
The adder barely misses you.
You miss the adder.
The adder is moderately wounded.
You hit the bush but do no damage. The adder barely misses you.
You hit the adder. You burn the adder.
The adder is heavily wounded.
You hit the bush but do no damage. The adder barely misses you.
You slash the adder! You burn the adder.
You kill the adder!
You hit the bush but do no damage.
No target in view!
As you read the scroll of identify, it crumbles to dust.
A - a potion of mutation Really quaff the potion of mutation?
You feel extremely strange.
You feel less energetic.
You feel clever.
Are you sure you want to abandon this character and quit the game? (Confirm with "yes".)

..........#####
##.##.#####.##.#
##........#
###..##.#####..#.#
.#........###
#....##........#.##
......P.....#
♣.♣♣♣#########.....
.....PP...#.##♣♣..♣♣
#.#.##
.....♣♣.......♣♣♣P.♣
####.#.#
.....P♣.......♣P..P♣
#....#.#
..####........♣P.♣.♣
#.####.# .##
#########♣.@♣♣♣ #.#
#.# ## ♣♣..♣ #.# #.#
♣♣♣[♣ #.# #.# ...
#.# #.# ..# #.# #.#
..# #.# #.# ## #.#
#.# #.# #.# #.# #.#


There were no monsters in sight!

Vanquished Creatures
  Terence (D:2)
  Jessica (D:3)
  An adder (D:3)
  A gnoll (D:1)
  A worm (D:3)
  3 dart slugs
  2 endoplasms (D:1)
  2 giant cockroaches (D:2)
  9 hobgoblins
  2 quokkas (D:3)
  5 ball pythons
  6 bats
  5 frilled lizards
  6 goblins
  2 kobolds (D:1)
  3 rats
50 creatures vanquished.

Notes
Turn   | Place    | Note
-------+----------+-------------------------------------------
     0 | D:1      | CInkIbrahim the Gargoyle Cinder Acolyte began the quest for
                  | the Orb.
     0 | D:1      | Reached XP level 1. HP: 14/14 MP: 2/2
    70 | D:1      | Reached skill level 3 in Axes
   146 | D:1      | Reached XP level 2. HP: 19/19 MP: 3/3
   295 | D:1      | Reached XP level 3. HP: 15/23 MP: 4/4
   841 | D:2      | Reached skill level 4 in Axes
  1222 | D:2      | Noticed Terence
  1227 | D:2      | Killed Terence
  1228 | D:2      | Reached XP level 4. HP: 28/28 MP: 5/5
  1675 | D:3      | Got the Tome of the Mantle
  1771 | D:3      | Noticed Jessica
  1776 | D:3      | Killed Jessica
  1846 | D:3      | Reached skill level 5 in Axes
  2019 | D:3      | Reached XP level 5. HP: 17/32 MP: 6/6
  2171 | D:3      | Gained mutation: Your magical capacity is low. (-10% MP)
                  | [potion of mutation]
  2171 | D:3      | Gained mutation: Your mind is acute. (Int +4, Str/Dex -1)
                  | [potion of mutation]
  2172 | D:3      | Quit the game

Illustrated notes

Levels and vault maps discovered:
D:1:      ncdulo_halloftheorcs, layout_rooms, minmay_tetromino_o4
D:2:      layout_loops_cross, uniq_terence
D:3:      layout_basic, serial_forest, infiniplex_forest_diagonal,
          infiniplex_forest_straight_2, infiniplex_forest_lined_1,
          infiniplex_forest_lined_corner, infiniplex_forest_clump_small,
          infiniplex_forest_zigzag_2, infiniplex_forest_clump_tiny, uniq_jessica

Skill      XL: |  1  2  3  4 |
---------------+-------------+-----
Axes           | 3 4 5 |  5.1
Fighting       | |  3.2
Spellcasting   | |  1.0
Fire Magic     | |  3.0

Action                     |  1- 3 |  4- 6 || total
---------------------------+-------+-------++-------
  Melee: Hand axe          |    96 |    81 ||   177
         Punch             |     1 |       ||     1
    Use: Potion            |     1 |     3 ||     4
         Scroll            |       |     4 ||     4
 Armour: Robe              |    35 |       ||    35
         Ring mail         |       |    37 ||    37
  Dodge: Dodged            |    57 |    57 ||   114
